 Dungeon Crawl Stone Soup version 0.27-a0-808-g60bc5d92e6 (webtiles) character file.

Game seed: 9642577565352922954

143 srzhan31 the Magician (level 5, -7/35 HPs)
             Began as a Djinni Conjurer on Mar 29, 2021.
             Shot with an arrow by a centaur (10 damage)
             ... on level 3 of the Dungeon.
             The game lasted 00:03:58 (2610 turns).

srzhan31 the Magician (Djinni Conjurer)             Turns: 2610, Time: 00:03:58

Health: -7/35      AC:  5    Str:  6    XL:     5   Next: 25%
Gold:   147        EV: 12    Int: 26    God:
                   SH:  0    Dex: 12

rFire    + + .     SeeInvis .   e - +2 dagger (vamp)
rCold    x . .     Faith    .   (no shield)
rNeg     . . .     Spirit   .   a - +0 robe
rPois    ∞         Reflect  .   (no helmet)
rElec    .         Harm     .   b - +2 cloak
rCorr    .         Rampage  .   (no gloves)
Will     .....                  (boots unavailable)
Stlth    ++........             (no amulet)
HPRegen  0.11/turn              l - +6 ring of intelligence
MPRegen  0.00/turn              (no ring)

@: flying
A: fire resistance 2, cold vulnerability 1, float, innate caster, hp casting,
extra vitality 1
a: no special abilities


You were on level 3 of the Dungeon.
You visited 1 branch of the dungeon, and saw 3 of its levels.

You collected 147 gold pieces.

Inventory:

Hand Weapons
 e - a +2 vampiric dagger (weapon)
Armour
 a - a +0 robe (worn)
 b - a +2 cloak (worn)
Jewellery
 l - a +6 ring of intelligence (left hand)
 o - a ring of protection from cold
Wands
 q - a wand of random effects (9)
Scrolls
 d - a scroll of enchant weapon {unknown}
 g - a scroll of amnesia {unknown}
 k - a scroll of identify {unknown}
 n - a scroll of magic mapping {unknown}
 p - a scroll of torment {unknown}
Potions
 c - a potion of cancellation {unknown}
 f - 2 potions of flight {unknown}
 h - a potion of mutation {unknown}
 i - a potion of berserk rage {unknown}
 j - a potion of invisibility {unknown}
 m - 2 potions of might {unknown}


   Skills:
 * Level 2.9 Dodging
 - Level 1.5 Stealth
 * Level 5.3 Spellcasting


You couldn't memorise any spells.
You knew the following spells:

 Your Spells              Type           Power      Damage    Failure   Level
a - Magic Dart            Conj           100%       1d8       1%          1
b - Searing Ray           Conj           68%        3d5       1%          2
c - Dazzling Flash        Conj/Hex       68%        N/A       2%          3
d - Fulminant Prism       Conj/Hex       17%        3d11      9%          4
e - Iskenderun's Mystic   Conj/Tloc      34%        2d8       9%          4
f - Animate Skeleton      Necr           68%        N/A       1%          1
g - Passwall              Tmut/Erth      28%        N/A       1%          2
Your spell library was empty.

Dungeon Overview and Level Annotations

Branches:
Dungeon (3/15)

Altars:


Innate Abilities, Weirdness & Mutations

You are immune to poison.
Your flesh is very heat resistant. (rF++)
You are vulnerable to cold. (rC-)
You float through the air rather than walking.
You learn spells naturally, not from books.
Your magical power is your life essence.
You have superior vitality. (+4 HP)


Message History

A jackal and 2 orcs come into view.
The jackal barks!
The orc shouts!
You hear a bark!
The centaur shouts!
A jackal comes into view.
The jackal moves out of view.
Found a scroll labelled ACAAPOH QYHERR.
There is an open door here.
Casting: Searing Ray (safe; 1% risk of failure)
Confirm with . or Enter, or press ? or * to list all spells.
Aiming: Searing Ray (safe; 1% risk of failure)
Press: ? - help, Shift-Dir - straight line, f - centaur
Aim: a centaur, quivering arrows (12% to evade)
The searing ray hits the centaur!
The centaur is heavily wounded. (Press . to maintain the ray.)
The centaur wields a +2 shortbow of flaming.
It bursts into flame!
The centaur shoots an arrow.
The arrow hits you! The arrow burns you.
The centaur shoots an arrow.
The arrow hits you.
The searing ray hits the orc!
You kill the orc!
The searing ray hits the centaur.
The centaur is heavily wounded.
A jackal comes into view.
The orc hits you from afar with a +0 trident.
The centaur shoots an arrow.
The arrow hits you.
The searing ray hits the giant cockroach!
You kill the giant cockroach!
The searing ray hits the centaur!
The centaur is almost dead.
The centaur shoots an arrow.
The arrow hits you!
* * * LOW HITPOINT WARNING * * *
The orc hits you from afar with a +0 trident.
* * * LOW HITPOINT WARNING * * *
A dart slug comes into view.
Casting: Searing Ray (safe; 1% risk of failure)
Confirm with . or Enter, or press ? or * to list all spells.
You don't have enough health to cast this spell.
Unknown command.
The orc hits you but does no damage.
The centaur shoots an arrow.
The arrow hits you!
You die...

#####......++......#
#......##......#
##...(.........#
#.#######+#+### #.#
.<#.# #.#.###.#.#
#.#.....#.#
#.#####...#
#.......#@#
#########.# #'#
#..cooo....w
#....h.?##+#
#.......# #.......#
#.......# #......$#


You could see a centaur, 2 orcs and a jackal.

Vanquished Creatures
  A hound (D:2)
  3 adders
  4 gnolls (D:2)
  A dart slug (D:2)
  An orc (D:3)
  4 endoplasms
  3 giant cockroaches
  3 goblins (D:1)
  4 hobgoblins (D:2)
  8 jackals
  2 kobolds
  3 quokkas
  2 ball pythons
  A bat (D:2)
  2 frilled lizards (D:1)
  3 rats
45 creatures vanquished.

Notes
Turn   | Place    | Note
-------+----------+-------------------------------------------
     0 | D:1      | srzhan31 the Djinni Conjurer began the quest for the Orb.
     0 | D:1      | Reached XP level 1. HP: 15/15 MP: 0/0
   307 | D:1      | Reached XP level 2. HP: 18/21 MP: 0/0
   322 | D:1      | Reached skill level 4 in Spellcasting
  1143 | D:2      | Reached XP level 3. HP: 22/25 MP: 0/0
  1143 | D:2      | Learned a level 1 spell: Animate Skeleton
  1292 | D:2      | Reached XP level 4. HP: 21/31 MP: 0/0
  1617 | D:2      | Reached skill level 5 in Spellcasting
  1901 | D:2      | Reached XP level 5. HP: 31/35 MP: 0/0
  1901 | D:2      | Learned a level 2 spell: Passwall
  2604 | D:3      | Noticed a centaur
  2610 | D:3      | Shot with an arrow by a centaur

Illustrated notes

Levels and vault maps discovered:
D:1:      sevenhm_arrival_forest_fort_small_3, layout_loops_ring
D:2:      layout_loops_ring
D:3:      layout_basic, tgw_xom

Skill      XL: |  1  2  3  4 |
---------------+-------------+-----
Spellcasting   | 4 5 |  5.3
Dodging        | |  2.9
Stealth        | |  1.5

Action                   |  1- 3 |  4- 6 || total
-------------------------+-------+-------++-------
 Cast: Magic Dart        |    22 |     2 ||    24
       Searing Ray       |    13 |    16 ||    29
Armor: Robe              |       |     2 ||     2
Dodge: Dodged            |     5 |     4 ||     9

Table legend: (Time is in decaauts)
 A = Elapsed time spent in this place.
 B = Non-inter-level travel time spent in this place.
 C = Inter-level travel time spent in this place.
 D = Time resting spent in this place.
 E = Time spent auto-exploring this place.
 F = Levels seen in this place.
 G = Mean time per level.
                   A        B        C        D        E       F      G
               +--------+--------+--------+--------+--------+-----+--------+
         Total |   2609 |   2524 |     85 |      0 |   2281 |   3 |  869.7 |
       Dungeon |   2609 |   2524 |     85 |      0 |   2281 |   3 |  869.7 |
               +--------+--------+--------+--------+--------+-----+--------+

Top non-repeatable levels by time:
     D:1: 1277 daAuts
     D:2: 1217 daAuts
     D:3: 114 daAuts
